 Dungeon Crawl Stone Soup version 0.23.1-38-g628c18f (webtiles) character file.

Game seed: 10174825538673828952

14443 dvd the Arsonist (level 12, -1/72 HPs)
             Began as an Octopode Fire Elementalist on Mar 28, 2019.
             Was a Priest of Vehumet.
             Slain by a hell rat (13 damage)
             ... on level 3 of the Lair of Beasts.
             The game lasted 00:52:29 (15300 turns).

dvd the Arsonist (Octopode Fire Elementalist)      Turns: 15300, Time: 00:52:29

Health: -1/72      AC:  1    Str:  7    XL:     12   Next: 16%
Magic:  20/22      EV: 15    Int: 26    God:    Vehumet [***...]
Gold:   783        SH: 10    Dex: 25    Spells: 16/28 levels left

rFire    + . .     SeeInvis .   S - +7 war axe of Classification {chop, +Fly rElec Int+2 Dex+4}
rCold    + + .     Gourm    .   r - +0 shield of Polish {Dex+5 Stlth+}
rNeg     + + .     Faith    .   (helmet restricted)
rPois    .         Spirit   .   A - amulet of the Princess {rC+ Regen+ Int+3}
rElec    +         Reflect  .   n - ring of stealth
rCorr    .         Harm     .   u - ring of protection from cold
MR       +++..                  L - ring of protection from magic
Stlth    +++++++...             t - ring of protection from fire
HPRegen  0.62/turn              J - ring "Naefoba" {Wiz rN+ Dex+2}
MPRegen  0.18/turn              O - ring of positive energy
                                T - +2 ring of slaying
                                Y - ring of protection from magic

@: lightly drained
A: almost no armour, stealthy swim, amphibious, 8 rings, constrict 8, camouflage
1, low mp 1, magic resistance 1, gelatinous body 1
a: Renounce Religion, Evoke Flight


You were on level 3 of the Lair of Beasts.
You worshipped Vehumet.
Vehumet was most pleased with you.
You were not hungry.

You visited 3 branches of the dungeon, and saw 15 of its levels.
You also visited: Ossuary.

You collected 783 gold pieces.

Inventory:

Hand Weapons
 c - a +3 short sword of flaming
 f - a +0 quarterstaff of distortion
 l - a +1 flail of protection
 q - a +1 hand axe of flaming
 S - the +7 war axe of Classification (weapon) {chop, +Fly rElec Int+2 Dex+4}
   (You found it on level 2 of the Lair of Beasts)

   It inflicts extra damage upon your enemies.
   It affects your intelligence (+2).
   It affects your dexterity (+4).
   It insulates you from electricity.
   It lets you fly.
 W - the +9 rapier "Tacwiza" {venom, MR+}
   (You found it on level 3 of the Lair of Beasts)

   It poisons the flesh of those it strikes.
   It affects your resistance to hostile enchantments.
Armour
 r - the +0 shield of Polish (worn) {Dex+5 Stlth+}
   (You acquired it on level 1 of the Lair of Beasts)

   It affects your dexterity (+5).
   It makes you more stealthy.
 P - a +1 large shield
 Q - the -7 buckler of Joff {rF+ rCorr}
   (You acquired it on level 1 of the Lair of Beasts)

   It protects you from fire.
   It provides partial protection from all sources of acid and corrosion.
Magical Staves
 F - an uncursed staff of fire
Jewellery
 n - a ring of stealth (left tentacle)
 t - a ring of protection from fire (on tentacle)
 u - a ring of protection from cold (right tentacle)
 A - the amulet of the Princess (around mantle) {rC+ Regen+ Int+3}
   (You found it on level 4 of the Dungeon)

   [amulet of regeneration]

   It affects your intelligence (+3).
   It protects you from cold.
   It increases your rate of regeneration.
 J - the ring "Naefoba" (on tentacle) {Wiz rN+ Dex+2}
   (You found it on level 10 of the Dungeon)

   [ring of wizardry]

   It improves your spell success rate.
   It affects your dexterity (+2).
   It protects you from negative energy.
 L - a ring of protection from magic (on tentacle)
 O - a ring of positive energy (on tentacle)
 T - a +2 ring of slaying (on tentacle)
 Y - a ring of protection from magic (on tentacle)
Wands
 h - a wand of random effects (51)
 p - a wand of digging (10)
 I - a wand of disintegration (10)
 N - a wand of acid (8)
 R - a wand of iceblast (11)
Scrolls
 a - 2 scrolls of fog
 d - 5 scrolls of amnesia
 i - a scroll of enchant armour
 j - 10 scrolls of identify
 v - 4 scrolls of teleportation
 x - 5 scrolls of remove curse
 y - 5 scrolls of magic mapping
 G - 2 scrolls of enchant weapon
Potions
 e - a potion of brilliance
 g - a potion of ambrosia
 k - 8 potions of curing
 m - 5 potions of flight
 o - 2 potions of heal wounds
 z - a potion of magic
 C - 5 potions of lignification
 D - a potion of haste
 H - 4 potions of agility
 X - a potion of mutation
Comestibles
 b - 22 rations
 s - 6 chunks of flesh


   Skills:
 + Level 2.9(2.6) Fighting
 + Level 2.8(2.4) Short Blades
 * Level 2.3(2.8) Axes
 + Level 0.1(1.7) Maces & Flails
   Level 3.0(3.4) Polearms
 + Level 2.2(2.7) Staves
 + Level 4.7(4.3) Dodging
 + Level 7.4(7.1) Stealth
 * Level 6.4(6.0) Shields
 + Level 8.6(8.2) Spellcasting
 + Level 8.9(8.5) Conjurations
 * Level 9.6(9.2) Fire Magic
 + Level 2.6(2.2) Evocations


You had 16 spell levels left.
You knew the following spells:

 Your Spells              Type           Power        Failure   Level  Hunger
a - Flame Tongue          Conj/Fire      #####        1%          1    None
b - Throw Flame           Conj/Fire      ######       1%          2    None
c - Sticky Flame          Conj/Fire      ######..     1%          4    ##.....
d - Fireball              Conj/Fire      ######....   1%          5    ####...

Your spell library contained the following spells:

 Spells                   Type           Power        Failure   Level  Hunger
 Searing Ray              Conj           ######       1%          2    None
 Conjure Flame            Conj/Fire      ######..     1%          3    None
 Inner Flame              Hex/Fire       ####....     1%          3    None
 Confusing Touch          Hex            ##....       8%          1    None
 Confuse                  Hex            ##......     21%         3    None
 Gell's Gravitas          Tloc           ##........   21%         3    None
 Yara's Violent Unravell  Hex/Tmut       ##........   41%         5    ####...
 Petrify                  Tmut/Erth      ##......     54%         4    ##.....
 Metabolic Englaciation   Hex/Ice        ##........   86%         5    ####...


Dungeon Overview and Level Annotations

Branches:
Dungeon (10/15)            Temple (1/1) D:7            Lair (4/6) D:9
 Spider (0/4) Lair:2
  Swamp: Lair:2-4    Shoals: Lair:2-4       Orc: D:9-12

Altars:
Ashenzari
Cheibriados
Dithmenos
Elyvilon
Fedhas
Gozag
Hepliaklqana
Kikubaaqudgha
Makhleb
Nemelex Xobeh
Okawaru
Qazlal
Ru
Sif Muna
Trog
Uskayaw
Vehumet
Wu Jian
Xom
Yredelemnul
Zin
The Shining One

Annotations:
D:8 3 runed translucent doors, DungeonDestroyer's ghost, novice MiFi


Innate Abilities, Weirdness & Mutations

You cannot wear most types of armour.
You are very stealthy in the water. (Stealth+)
You are amphibious.
You can wear up to eight rings at the same time.
You can use your tentacles to constrict eight enemies at once.
Your skin changes colour to match your surroundings (Stealth+).
Your rubbery body absorbs attacks. (AC +1, EV +1)
Your magical capacity is low. (-10% MP)
You are resistant to hostile enchantments. (MR+)


Message History

You partially resist.
You feel drained. The death yak misses you. The hell rat bites you!
* * * LOW HITPOINT WARNING * * *
You partially resist.
You feel drained.
* * * LOW HITPOINT WARNING * * *
You feel much better.
A death yak comes into view.
The hell rat misses you. The death yak gores you.
Cornered, the komodo dragon turns to fight!
You block the hell rat's attack. The death yak closely misses you.
You climb upwards.
There is a stone staircase leading down here.
Unknown command.
The hell rat misses you. The hell rat bites you!
* * * LOW HITPOINT WARNING * * *
You partially resist.
You feel drained.
* * * LOW HITPOINT WARNING * * *
The hell rat bites you!
You die...

#...##.##..........#
##........+.>.......
#....)...#........#
##.÷......#..#....##
#...................
##>†.....#....#.....
#Y..###.#....#.....
#r#...+............
##.@.....#..........
#..P..............≈≈
#....P.P.........≈≈≈
#..PP...........≈≈≈≈
##.#.....P.....≈≈≈≈≈
#......#.......≈≈≈≈≈
##.P.....#......≈≈≈≈
#.#...#.#.....≈≈≈≈.
##.#####.#.P..#..≈..


You could see a death yak and a hell rat.

Vanquished Creatures
  2 two-headed ogres
  An orb spider (Lair:2)
  Joseph (D:9)
  2 black mambas (Lair:3)
  4 spiny frogs
  A rime drake (Lair:3)
  2 komodo dragons
  A polar bear (Lair:3)
  5 blink frogs
  3 hippogriffs
  2 wyverns (Lair:3)
  4 yaks (Lair:3)
  The ghost of Flogoulo the Shield-Bearer, an amateur FoFi (D:3)
  3 basilisks
  A hungry ghost (D:6)
  2 wargs
  Duvessa (D:3)
  Edmund (D:5)
  8 water moccasins
  5 porcupines
  4 sky beasts
  4 orc warriors
  An ice beast (D:6)
  2 phantoms
  4 ogres
  3 centaurs
  9 crocodiles
  A big kobold (D:8)
  8 bullfrogs
  A wyvern skeleton (D:7)
  A scorpion (D:5)
  Dowan (D:4)
  4 killer bees (D:9)
  8 wights
  A vampire bat (D:2)
  4 howler monkeys
  A crimson imp (D:8)
  A quasit (D:7)
  A centaur skeleton (D:4)
  3 hounds
  A jelly (D:5)
  3 orc wizards (D:9)
  2 bullfrog skeletons
  3 orc priests (D:9)
  4 iguanas
  3 hell rats
  13 worker ants
  Robin (D:3)
  6 gnolls
  11 adders
  A shadow imp (D:8)
  3 adder zombies
  An adder skeleton (D:4)
  4 worms
  A dart slug (D:4)
  7 leopard geckos
  26 orcs
  4 bat skeletons (D:2)
  2 bat zombies (D:2)
  4 giant cockroaches
  2 gnoll zombies (D:7)
  17 goblins
  9 hobgoblins
  8 jackals
  10 kobolds
  4 quokkas
  A ball python skeleton (Ossuary)
  7 bats
  11 frilled lizards
  2 hobgoblin skeletons (Ossuary)
  A hobgoblin zombie (Ossuary)
  An orc skeleton (Ossuary)
  2 orc zombies (Ossuary)
  A quokka zombie (D:9)
  9 rats
297 creatures vanquished.

Vanquished Creatures (others)
  6 fungi
6 creatures vanquished.

Grand Total: 303 creatures vanquished

Notes
Turn   | Place    | Note
-------+----------+-------------------------------------------
     0 | D:1      | dvd the Octopode Fire Elementalist began the quest for the
                  | Orb.
     0 | D:1      | Reached XP level 1. HP: 11/11 MP: 3/3
   187 | D:1      | Reached XP level 2. HP: 13/17 MP: 0/5
   581 | D:1      | Learned a level 2 spell: Throw Flame
   736 | D:1      | Reached XP level 3. HP: 21/21 MP: 3/6
  1476 | D:2      | Reached XP level 4. HP: 27/27 MP: 4/7
  1671 | D:2      | Found an ancient bone altar of Kikubaaqudgha.
  1700 | D:2      | Reached skill level 1 in Polearms
  1707 | D:2      | Reached skill level 1 in Fighting
  1707 | D:2      | Reached XP level 5. HP: 33/33 MP: 0/8
  1818 | D:2      | Learned a level 4 spell: Sticky Flame
  1838 | D:2      | Reached skill level 4 in Fire Magic
  2728 | D:3      | Noticed Flogoulo's ghost (amateur FoFi)
  2730 | D:3      | Found a transporter.
  2730 | D:3      | Identified the +7 great mace "Wuibov" {freeze, +Fly}
  2730 | D:3      | Noticed an ogre
  2738 | D:3      | Found a transporter.
  3272 | D:4      | Reached XP level 6. HP: 30/38 MP: 1/10
  3348 | D:4      | Noticed Robin
  3442 | D:3      | Killed Robin
  3496 | D:4      | Noticed Duvessa
  3921 | D:4      | Noticed Dowan
  4046 | D:4      | Killed Dowan
  4323 | D:3      | Killed Duvessa
  4323 | D:3      | Reached XP level 7. HP: 12/43 MP: 0/12
  4700 | D:4      | Got a vibrating diamond amulet
  4701 | D:4      | Identified the amulet of the Princess {rC+ Regen+ Int+3}
                  | (You found it on level 4 of the Dungeon)
  5225 | D:4      | Learned a level 5 spell: Fireball
  5313 | D:5      | Entered Level 5 of the Dungeon
  5342 | D:5      | Found a shattered altar of Ashenzari.
  5356 | D:5      | Reached skill level 1 in Shields
  5418 | D:5      | Found a sand-covered staircase.
  5451 | Ossuary  | Entered an ossuary
  5497 | Ossuary  | Reached skill level 5 in Fire Magic
  5657 | Ossuary  | Noticed a wraith
  5657 | Ossuary  | Noticed a flying skull
  5666 | Ossuary  | Noticed a flying skull
  5667 | Ossuary  | Noticed a flying skull
  5668 | Ossuary  | Noticed a flying skull
  5699 | Ossuary  | Noticed a wraith
  5733 | Ossuary  | Noticed a flying skull
  5852 | D:5      | Found a sparkling altar of Nemelex Xobeh.
  6190 | D:5      | Reached XP level 8. HP: 50/50 MP: 9/14
  6281 | D:5      | Reached skill level 5 in Stealth
  6301 | D:5      | Noticed Edmund
  6347 | D:5      | Killed Edmund
  7088 | D:6      | Reached skill level 1 in Short Blades
  7375 | D:6      | Reached skill level 5 in Spellcasting
  7375 | D:6      | Reached XP level 9. HP: 37/54 MP: 9/16
  7557 | D:7      | Found a staircase to the Ecumenical Temple.
  7574 | Temple   | Entered the Ecumenical Temple
  7906 | D:7      | Reached skill level 5 in Conjurations
  7906 | D:7      | Reached skill level 6 in Fire Magic
  8154 | D:7      | Got a shimmering flail
  8155 | D:7      | Identified the cursed +0 flail "Umoic" {speed, MR+} (You
                  | found it on level 7 of the Dungeon)
  8301 | D:7      | Found a shadowy altar of Dithmenos.
  8620 | D:7      | Found a basalt altar of Yredelemnul.
  8806 | D:8      | Noticed a two-headed ogre
  8833 | D:8      | Killed a two-headed ogre
  8900 | D:8      | Found a burning altar of Makhleb.
  8986 | D:8      | Reached skill level 7 in Fire Magic
  8986 | D:8      | Reached XP level 10. HP: 61/61 MP: 13/19
  9096 | D:8      | Found a runed translucent gate.
  9096 | D:8      | Found a runed translucent gate.
  9096 | D:8      | Found a runed translucent gate.
  9138 | D:8      | Found a white marble altar of Elyvilon.
  9317 | D:8      | Noticed DungeonDestroyer's ghost (novice MiFi)
  9381 | D:8      | Found a hide-covered altar of Uskayaw.
  9381 | D:8      | Found a radiant altar of Vehumet.
  9385 | D:8      | Became a worshipper of Vehumet
  9677 | D:3      | Killed Flogoulo's ghost
 10150 | D:9      | Noticed a two-headed ogre
 10296 | D:9      | Noticed Joseph
 10416 | D:9      | Killed a two-headed ogre
 10643 | D:9      | Found a snail-covered altar of Cheibriados.
 10801 | D:8      | Gained mutation: Your magical capacity is low. (-10% MP)
                  | [potion of mutation]
 10801 | D:8      | Gained mutation: You are resistant to hostile enchantments.
                  | (MR+) [potion of mutation]
 10832 | D:9      | Killed Joseph
 10984 | D:9      | Reached skill level 8 in Fire Magic
 11007 | D:9      | Reached * piety under Vehumet
 11007 | D:9      | Offered knowledge of Freeze by Vehumet.
 11208 | D:9      | Found a white marble altar of Elyvilon.
 11209 | D:9      | Found a glowing silver altar of Zin.
 11210 | D:9      | Found a glowing golden altar of the Shining One.
 11224 | D:9      | Found a blossoming altar of Fedhas.
 11234 | D:9      | Found a stormy altar of Qazlal.
 11429 | D:10     | Entered Level 10 of the Dungeon
 11462 | D:10     | Got a vibrating tin ring
 11467 | D:9      | Identified the ring "Naefoba" {Wiz rN+ Dex+2} (You found it
                  | on level 10 of the Dungeon)
 11591 | D:9      | Found a staircase to the Lair.
 11593 | D:9      | Reached XP level 11. HP: 66/66 MP: 15/19
 11665 | Lair:1   | Entered Level 1 of the Lair of Beasts
 11675 | D:9      | Reached skill level 5 in Shields
 12090 | D:9      | Reached skill level 1 in Staves
 12258 | Lair:1   | Offered knowledge of Magic Dart by Vehumet.
 12268 | Lair:1   | Reached ** piety under Vehumet
 12412 | Lair:1   | Identified 2 scrolls of acquirement
 12413 | Lair:1   | Got a polished buckler
 12424 | Lair:1   | Identified the -7 buckler of Joff {rF+ rCorr} (You acquired
                  | it on level 1 of the Lair of Beasts)
 12481 | Lair:1   | Got a bloodstained shield
 12492 | Lair:1   | Identified the +0 shield of Polish {Dex+5 Stlth+} (You
                  | acquired it on level 1 of the Lair of Beasts)
 12919 | Lair:2   | Reached skill level 1 in Evocations
 13015 | Lair:2   | Found a hole to the Spider Nest.
 13015 | Lair:2   | Noticed an orb spider
 13018 | Lair:2   | Killed an orb spider
 13208 | Lair:2   | Got a scorched war axe
 13209 | Lair:2   | Identified the +7 war axe of Classification {chop, +Fly
                  | rElec Int+2 Dex+4} (You found it on level 2 of the Lair of
                  | Beasts)
 13527 | Lair:2   | Reached skill level 9 in Fire Magic
 13820 | Lair:3   | Found a burning altar of Makhleb.
 14141 | Lair:3   | Got a shimmering rapier
 14271 | Lair:3   | Identified the +9 rapier "Tacwiza" {venom, MR+} (You found
                  | it on level 3 of the Lair of Beasts)
 14432 | Lair:3   | Offered knowledge of Searing Ray by Vehumet.
 14480 | Lair:3   | Reached skill level 1 in Axes
 14973 | Lair:4   | Reached XP level 12. HP: 72/72 MP: 7/22
 14973 | Lair:4   | Noticed an eight-headed hydra
 15236 | Lair:3   | Reached *** piety under Vehumet
 15287 | Lair:4   | Noticed a death yak
 15293 | Lair:4   | Noticed a death yak
 15295 | Lair:4   | Noticed a death yak
 15296 | Lair:4   | Noticed a death yak
 15300 | Lair:3   | Slain by a hell rat

Skill      XL: |  1  2  3  4  5  6  7  8  9 10 11 12 |
---------------+-------------------------------------+-----
Stealth        | 3 4 5 6 7 |  7.4
Polearms       | 1 2 3 |  3.0
Fighting       | 1 2 |  2.9
Conjurations   | 2 3 4 6 7 8 |  8.9
Fire Magic     | 4 5 7 8 9 |  9.6
Spellcasting   | 3 4 5 6 7 8 |  8.6
Shields        | 1 2 3 4 6 |  6.4
Dodging        | 3 4 |  4.7
Short Blades   | 1 2 |  2.8
Staves         | 2 |  2.2
Evocations     | 2 |  2.6
Axes           | 1 2 |  2.3
Maces & Flails | |  0.1

Action                   |  1- 3 |  4- 6 |  7- 9 | 10-12 || total
-------------------------+-------+-------+-------+-------++-------
Melee: Spear             |    37 |    99 |    59 |       ||   195
       Constrict         |    11 |    26 |    27 |    24 ||    88
       Tentacles         |     1 |    19 |    15 |    19 ||    54
       Short sword       |       |       |    37 |    54 ||    91
       Flail             |       |       |     1 |       ||     1
       Staff             |       |       |       |    25 ||    25
       War axe           |       |       |       |    25 ||    25
 Cast: Flame Tongue      |    49 |    97 |    80 |   113 ||   339
       Throw Flame       |     3 |    18 |    50 |    44 ||   115
       Sticky Flame      |       |       |    25 |    56 ||    81
       Fireball          |       |       |       |    44 ||    44
Evoke: Wand              |     2 |       |       |     2 ||     4
  Use: Potion            |     3 |       |       |    13 ||    16
       Scroll            |       |     1 |    12 |     7 ||    20
 Stab: Sleeping          |     1 |     6 |    17 |     3 ||    27
  Eat: Chunk             |     3 |    11 |    16 |    23 ||    53
       Ration            |       |       |     1 |     3 ||     4
Armor: Skin              |     1 |    12 |     4 |     5 ||    22
Dodge: Dodged            |    24 |   130 |    87 |   146 ||   387
Block: Shield            |       |       |       |    43 ||    43
